| TOP OF THE 1ST |
|
Memphis Blues batting - Pitching for Dallas-Fort Worth Rangers : LHP Manny Sandate
|
|
Pitching: LHP Manny Sandate
|
|
|
Batting: RHB Mariano Duncan
|
0-0: Called Strike 0-1: Called Strike 0-2: Fly out, F8 (Flyball, 8LD, EV 98.1 MPH)
|
|
Batting: LHB John Robbins
|
0-0: Foul Ball, location: 2F 0-1: Ball 1-1: Called Strike 1-2: SINGLE (Flyball, 3D, EV 86.9 MPH)
|
|
Batting: LHB David Christianson
|
0-0: Ball 1-0: Called Strike 1-1: Called Strike 1-2: Ball 2-2: Ball 3-2: Base on Balls John Robbins to second
|
|
Batting: RHB Chris James
|
0-0: Ball 1-0: Ball 2-0: Swinging Strike 2-1: Grounds into double play, 6-4-3 (Groundball, 6, EV 85.0 MPH)
|
| Top of the 1st over - 0 runs, 1 hit, 0 errors, 1 left on base; Memphis 0 - Dallas-Fort Worth 0 |
| BOTTOM OF THE 1ST |
|
Dallas-Fort Worth Rangers batting - Pitching for Memphis Blues : LHP Chris Reyes
|
|
Pitching: LHP Chris Reyes
|
|
|
Batting: RHB Phil Bradley
|
0-0: Swinging Strike 0-1: Swinging Strike 0-2: Ball 1-2: Foul Ball, location: 2F 1-2: Ball 2-2: Foul Ball, location: 2F 2-2: Fly out, F3 (Popup, 3SF, EV 73.8 MPH)
|
|
Batting: LHB Stan Levi
|
0-0: Foul Ball, location: 2F 0-1: Called Strike 0-2: Ball 1-2: Foul Ball, location: 2F 1-2: Ball 2-2: Fly out, F7 (Flyball, 7LM, EV 81.3 MPH)
|
|
Batting: RHB Dave Aponte
|
0-0: Ball 1-0: Foul Ball, location: 2F 1-1: Ball 2-1: Called Strike 2-2: Foul Ball, location: 2F 2-2: Ball 3-2: SOLO HOME RUN (Flyball, 7D, EV 105.0 MPH), Distance : 389 ft
|
|
Batting: RHB Jesse Plummer
|
0-0: Ball 1-0: Fly out, F7 (Flyball, 78M, EV 81.9 MPH)
|
| Bottom of the 1st over - 1 run, 1 hit, 0 errors, 0 left on base; Memphis 0 - Dallas-Fort Worth 1 |
| TOP OF THE 2ND |
|
Memphis Blues batting - Pitching for Dallas-Fort Worth Rangers : LHP Manny Sandate
|
|
Batting: RHB Randy Filkins
|
0-0: Ball 1-0: Foul Ball, location: 2F 1-1: Ball 2-1: Ball 3-1: Called Strike 3-2: DOUBLE (Groundball, 5L, EV 103.8 MPH)
|
|
Batting: RHB Augustine Garrett
|
0-0: 2-RUN HOME RUN (Flyball, 7D, EV 99.4 MPH) (Inside the Park)
|
|
Batting: RHB Bradley Shames
|
0-0: Ball 1-0: Foul Ball, location: 2F 1-1: Swinging Strike 1-2: Ball 2-2: Foul Ball, location: 2F 2-2: Strikes out swinging
|
|
Batting: LHB Don Jacoby
|
0-0: Ground out 4-3 (Groundball, 4S, EV 86.9 MPH)
|
|
Batting: RHB William Muth
|
0-0: Ball 1-0: Ball 2-0: Called Strike 2-1: Called Strike 2-2: Foul Ball, location: 2F 2-2: Ball 3-2: Strikes out looking
|
| Top of the 2nd over - 2 runs, 2 hits, 0 errors, 0 left on base; Memphis 2 - Dallas-Fort Worth 1 |
| BOTTOM OF THE 2ND |
|
Dallas-Fort Worth Rangers batting - Pitching for Memphis Blues : LHP Chris Reyes
|
|
Batting: RHB Ross Jones
|
0-0: Ball 1-0: Called Strike 1-1: Foul Ball, location: 2F 1-2: DOUBLE (Line Drive, 78D, EV 110.6 MPH)
|
|
Batting: LHB Garcia Gutierrez
|
0-0: Ball 1-0: Foul Ball, location: 2F 1-1: Ground out 6-3 (Groundball, 6, EV 98.1 MPH)
|
|
Batting: LHB Timothy Roche
|
0-0: Called Strike 0-1: Foul Ball, location: 2F 0-2: Strikes out swinging
|
|
Batting: LHB Daryl Fazzio
|
0-0: Called Strike 0-1: Ground out U3 (Groundball, 34S, EV 78.1 MPH)
|
| Bottom of the 2nd over - 0 runs, 1 hit, 0 errors, 1 left on base; Memphis 2 - Dallas-Fort Worth 1 |
| TOP OF THE 3RD |
|
Memphis Blues batting - Pitching for Dallas-Fort Worth Rangers : LHP Manny Sandate
|
|
Batting: RHB Mariano Duncan
|
0-0: Called Strike 0-1: Called Strike 0-2: Fly out, F8 (Line Drive, 8RD, EV 93.8 MPH)
|
|
Batting: LHB John Robbins
|
0-0: Ball 1-0: Ball 2-0: Foul Ball, location: 2F 2-1: Ball 3-1: Base on Balls
|
|
Batting: LHB David Christianson
|
0-0: Called Strike 0-1: Ball 1-1: Foul Ball, location: 2F 1-2: Strikes out looking
|
|
Batting: RHB Chris James
|
0-0: Fly out, F9 (Flyball, 9LM, EV 73.1 MPH)
|
| Top of the 3rd over - 0 runs, 0 hits, 0 errors, 1 left on base; Memphis 2 - Dallas-Fort Worth 1 |
| BOTTOM OF THE 3RD |
|
Dallas-Fort Worth Rangers batting - Pitching for Memphis Blues : LHP Chris Reyes
|
|
Batting: RHB Alex Zermeno
|
0-0: Fly out, F8 (Flyball, 8RD, EV 89.4 MPH)
|
|
Batting: RHB Phil Bradley
|
0-0: Ball 1-0: Called Strike 1-1: Ball 2-1: Foul Ball, location: 2F 2-2: Ball 3-2: Foul Ball, location: 2F 3-2: Fly out, F3 (Popup, 3SF, EV 71.9 MPH)
|
|
Batting: LHB Stan Levi
|
0-0: Ball 1-0: Foul Ball, location: 2F 1-1: Fly out, F9 (Flyball, 89S, EV 85.6 MPH)
|
| Bottom of the 3rd over - 0 runs, 0 hits, 0 errors, 0 left on base; Memphis 2 - Dallas-Fort Worth 1 |
| TOP OF THE 4TH |
|
Memphis Blues batting - Pitching for Dallas-Fort Worth Rangers : LHP Manny Sandate
|
|
Batting: RHB Randy Filkins
|
0-0: Ball 1-0: Called Strike 1-1: Foul Ball, location: 2F 1-2: Ball 2-2: SINGLE (Groundball, 5D, EV 95.0 MPH)
|
|
Batting: RHB Augustine Garrett
|
0-0: Called Strike 0-1: Ball 1-1: Ball 2-1: Foul Ball, location: 2F 2-2: Foul Ball, location: 2F 2-2: Foul Ball, location: 2F 2-2: Ball 3-2: Base on Balls Randy Filkins to second
|
|
Batting: RHB Bradley Shames
|
0-0: Foul Ball, location: 2F 0-1: Ball 1-1: Called Strike 1-2: Strikes out swinging
|
|
Batting: LHB Don Jacoby
|
0-0: Ball 1-0: Ball 2-0: Ball 3-0: Base on Balls Randy Filkins to third Augustine Garrett to second
|
|
Batting: RHB William Muth
|
0-0: Ball 1-0: SINGLE (Flyball, 78S, EV 95.0 MPH) Randy Filkins scores Augustine Garrett to third Don Jacoby to second Runner from 3rd tries for Home, SAFE, throw by LF to home
|
|
Batting: RHB Mariano Duncan
|
0-0: Swinging Strike 0-1: Ball 1-1: Fly out, F3 (Flyball, 3D, EV 84.4 MPH)
|
|
Batting: LHB John Robbins
|
0-0: Ball 1-0: Ball 2-0: Ball 3-0: Base on Balls Don Jacoby to third William Muth to second
|
|
Batting: LHB David Christianson
|
0-0: Ball 1-0: Ball 2-0: Ball 3-0: Called Strike 3-1: Base on Balls Don Jacoby scores William Muth to third John Robbins to second
|
|
Pitching: RHP Randy McGilberry
|
|
|
Batting: RHB Chris James
|
0-0: GRAND SLAM HOME RUN (Flyball, 78XD, EV 105.0 MPH), Distance : 414 ft
|
|
Batting: RHB Randy Filkins
|
0-0: Called Strike 0-1: SINGLE (Groundball, 6D, EV 96.9 MPH)
|
|
Batting: RHB Augustine Garrett
|
0-0: Ball 1-0: Called Strike 1-1: Ball 2-1: Ball 3-1: Called Strike 3-2: Foul Ball, location: 2F 3-2: Foul Ball, location: 2F 3-2: Base on Balls Randy Filkins to second
|
|
Batting: RHB Bradley Shames
|
0-0: Ball 1-0: Fielders Choice at 2nd, 6-4 (Groundball, 6, EV 108.1 MPH)
|
| Top of the 4th over - 7 runs, 4 hits, 0 errors, 2 left on base; Memphis 9 - Dallas-Fort Worth 1 |
| BOTTOM OF THE 4TH |
|
Dallas-Fort Worth Rangers batting - Pitching for Memphis Blues : LHP Chris Reyes
|
|
Batting: RHB Dave Aponte
|
0-0: Called Strike 0-1: Ground out 6-3 (Groundball, 6, EV 81.9 MPH)
|
|
Batting: RHB Jesse Plummer
|
0-0: Foul Ball, location: 2F 0-1: Ball 1-1: Ground out 1-3 (Groundball, P, EV 73.8 MPH)
|
|
Batting: RHB Ross Jones
|
0-0: Foul Ball, location: 2F 0-1: Ground out 3-1 (Groundball, 34S, EV 81.9 MPH)
|
| Bottom of the 4th over - 0 runs, 0 hits, 0 errors, 0 left on base; Memphis 9 - Dallas-Fort Worth 1 |
| TOP OF THE 5TH |
|
Memphis Blues batting - Pitching for Dallas-Fort Worth Rangers : RHP Randy McGilberry
|
|
Batting: LHB Don Jacoby
|
0-0: Called Strike 0-1: Ball 1-1: Reached on error, E6 (Groundball, 6, EV 93.8 MPH)
|
|
Batting: RHB William Muth
|
0-0: Ball 1-0: Called Strike 1-1: Foul Ball, location: 2F 1-2: Foul Ball, location: 2F 1-2: Grounds into double play, 6-4-3 (Groundball, 6M, EV 91.9 MPH)
|
|
Batting: RHB Mariano Duncan
|
0-0: Ball 1-0: Ball 2-0: TRIPLE (Line Drive, 78XD, EV 100.0 MPH)
|
|
Pitching: RHP Tom McGough
|
|
|
Batting: LHB John Robbins
|
0-0: Ball 1-0: Foul Ball, location: 2F 1-1: Swinging Strike 1-2: Ball 2-2: Ball 3-2: Foul Ball, location: 2F 3-2: Strikes out swinging
|
| Top of the 5th over - 0 runs, 1 hit, 1 error, 1 left on base; Memphis 9 - Dallas-Fort Worth 1 |
| BOTTOM OF THE 5TH |
|
Dallas-Fort Worth Rangers batting - Pitching for Memphis Blues : LHP Chris Reyes
|
|
Batting: LHB Garcia Gutierrez
|
0-0: DOUBLE (Line Drive, 7LS, EV 106.9 MPH)
|
|
Batting: LHB Timothy Roche
|
0-0: Ball 1-0: Ball 2-0: Called Strike 2-1: Foul Ball, location: 2F 2-2: DOUBLE (Groundball, 3L, EV 111.3 MPH) Garcia Gutierrez scores
|
|
Batting: LHB Daryl Fazzio
|
0-0: Foul Ball, location: 2F 0-1: Ball 1-1: Foul Ball, location: 2F 1-2: SINGLE (Groundball, 34D, EV 110.0 MPH) Timothy Roche to third Runner from 3rd tries for Home, SAFE, throw by RF to home
|
|
Batting: RHB Alex Zermeno
|
0-0: Called Strike 0-1: Ball 1-1: Ball 2-1: Ball 3-1: SINGLE (Line Drive, 9S, EV 110.6 MPH) Daryl Fazzio to second
|
|
Batting: RHB Phil Bradley
|
0-0: Ball 1-0: Ball 2-0: Called Strike 2-1: Grounds into double play, 5-4-3 (Groundball, 56S, EV 85.6 MPH) Daryl Fazzio to third
|
|
Batting: LHB Stan Levi
|
0-0: Called Strike 0-1: DOUBLE (Line Drive, 3D, EV 101.9 MPH) Daryl Fazzio scores
|
|
Batting: RHB Dave Aponte
|
0-0: Ball 1-0: Swinging Strike 1-1: Ball 2-1: Foul Ball, location: 2F 2-2: Ball 3-2: Base on Balls
|
|
Batting: RHB Jesse Plummer
|
0-0: Ball 1-0: Foul Ball, location: 2F 1-1: Called Strike 1-2: Foul Ball, location: 2F 1-2: Ball 2-2: Ball 3-2: Base on Balls Stan Levi to third Dave Aponte to second
|
|
Batting: RHB Ross Jones
|
0-0: Called Strike 0-1: Ball 1-1: Foul Ball, location: 2F 1-2: Fielders Choice at 2nd, 6-4 (Groundball, 6, EV 78.1 MPH)
|
| Bottom of the 5th over - 3 runs, 5 hits, 0 errors, 3 left on base; Memphis 9 - Dallas-Fort Worth 4 |
| TOP OF THE 6TH |
|
Memphis Blues batting - Pitching for Dallas-Fort Worth Rangers : RHP Tom McGough
|
|
Batting: LHB David Christianson
|
0-0: Foul Ball, location: 2F 0-1: Ball 1-1: Swinging Strike 1-2: Ball 2-2: Ball 3-2: Base on Balls
|
|
Batting: RHB Chris James
|
0-0: Called Strike 0-1: Called Strike 0-2: Fly out, F7 (Flyball, 7D, EV 80.0 MPH)
|
|
Batting: RHB Randy Filkins
|
0-0: Ball 1-0: Foul Ball, location: 2F 1-1: Foul Ball, location: 2F 1-2: Reached on error, E1 (Groundball, 15S, EV 67.5 MPH) David Christianson to second
|
|
Batting: RHB Augustine Garrett
|
0-0: Called Strike 0-1: Foul Ball, location: 2F 0-2: Strikes out swinging
|
|
Batting: RHB Bradley Shames
|
0-0: Called Strike 0-1: Swinging Strike 0-2: Ground out 6-3 (Groundball, 6S, EV 85.0 MPH)
|
| Top of the 6th over - 0 runs, 0 hits, 1 error, 2 left on base; Memphis 9 - Dallas-Fort Worth 4 |
| BOTTOM OF THE 6TH |
|
Dallas-Fort Worth Rangers batting - Pitching for Memphis Blues : LHP Chris Reyes
|
|
Batting: LHB Garcia Gutierrez
|
0-0: Called Strike 0-1: Ball 1-1: Ball 2-1: Fly out, F5 (Popup, 5, EV 81.3 MPH)
|
|
Batting: LHB Timothy Roche
|
0-0: Ball 1-0: Called Strike 1-1: Ball 2-1: Ball 3-1: Ground out 4-3 (Groundball, 4, EV 80.0 MPH)
|
|
Batting: LHB Daryl Fazzio
|
0-0: Called Strike 0-1: DOUBLE (Line Drive, 7LM, EV 99.4 MPH)
|
|
Batting: RHB Alex Zermeno
|
0-0: Ground out U3 (Groundball, 34, EV 105.6 MPH)
|
| Bottom of the 6th over - 0 runs, 1 hit, 0 errors, 1 left on base; Memphis 9 - Dallas-Fort Worth 4 |
| TOP OF THE 7TH |
|
Memphis Blues batting - Pitching for Dallas-Fort Worth Rangers : RHP Tom McGough
|
|
Batting: LHB Don Jacoby
|
0-0: Ball 1-0: Ball 2-0: SOLO HOME RUN (Flyball, 9D, EV 98.8 MPH), Distance : 387 ft
|
|
Batting: RHB William Muth
|
0-0: Called Strike 0-1: Ball 1-1: Ball 2-1: Ball 3-1: Base on Balls
|
|
Batting: RHB Mariano Duncan
|
0-0: Called Strike 0-1: Ball 1-1: Foul Ball, location: 2F 1-2: Strikes out looking
|
|
Batting: LHB John Robbins
|
0-0: Fielders Choice at 2nd, 6-4 (Groundball, 56, EV 78.8 MPH)
|
|
Batting: LHB David Christianson
|
0-0: Ball 1-0: Foul Ball, location: 2F 1-1: Ball 2-1: Foul Ball, location: 2F 2-2: Strikes out looking
|
| Top of the 7th over - 1 run, 1 hit, 0 errors, 1 left on base; Memphis 10 - Dallas-Fort Worth 4 |
| BOTTOM OF THE 7TH |
|
Dallas-Fort Worth Rangers batting - Pitching for Memphis Blues : LHP Chris Reyes
|
|
Batting: RHB Phil Bradley
|
0-0: Ball 1-0: Ball 2-0: Swinging Strike 2-1: Called Strike 2-2: DOUBLE (Line Drive, 9LS, EV 105.0 MPH)
|
|
Batting: LHB Stan Levi
|
0-0: Ball 1-0: Called Strike Phil Bradley steals 3rd base (no throw) 1-1: Ball 2-1: SINGLE (Groundball, 4MD, EV 97.5 MPH) Phil Bradley scores
|
|
Pitching: RHP Anthony Threatt
|
|
|
Batting: RHB Dave Aponte
|
0-0: Ball 1-0: Foul Ball, location: 2F 1-1: Foul Ball, location: 2F 1-2: Strikes out looking
|
|
Batting: RHB Jesse Plummer
|
0-0: Ball 1-0: Ball 2-0: Foul Ball, location: 2F 2-1: Fielders Choice at 2nd, 5-4 (Groundball, 56, EV 102.5 MPH)
|
|
Batting: RHB Ross Jones
|
0-0: Ground out U3 (Groundball, 3L, EV 90.0 MPH)
|
| Bottom of the 7th over - 1 run, 2 hits, 0 errors, 1 left on base; Memphis 10 - Dallas-Fort Worth 5 |
| TOP OF THE 8TH |
|
Memphis Blues batting - Pitching for Dallas-Fort Worth Rangers : RHP Tom McGough
|
|
Batting: RHB Chris James
|
0-0: Ground out 5-3 (Groundball, 5, EV 82.5 MPH)
|
|
Batting: RHB Randy Filkins
|
0-0: Ball 1-0: Fly out, F8 (Flyball, 8LS, EV 83.1 MPH)
|
|
Batting: RHB Augustine Garrett
|
0-0: Ground out 4-3 (Groundball, 4, EV 82.5 MPH)
|
| Top of the 8th over - 0 runs, 0 hits, 0 errors, 0 left on base; Memphis 10 - Dallas-Fort Worth 5 |
| BOTTOM OF THE 8TH |
|
Dallas-Fort Worth Rangers batting - Pitching for Memphis Blues : RHP Anthony Threatt
|
|
Batting: LHB Garcia Gutierrez
|
0-0: Ball 1-0: Fly out, F8 (Flyball, 8LD, EV 93.8 MPH)
|
|
Batting: LHB Timothy Roche
|
0-0: Foul Ball, location: 2F 0-1: Ball 1-1: Fly out, F7 (Flyball, 7, EV 82.5 MPH)
|
|
Batting: LHB Daryl Fazzio
|
0-0: Ball 1-0: Ball 2-0: Ball 3-0: Base on Balls
|
|
Batting: RHB Alex Zermeno
|
0-0: Called Strike 0-1: Called Strike 0-2: Foul Ball, location: 2F 0-2: Foul Ball, location: 2F 0-2: Fly out, F3 (Popup, 3F, EV 61.9 MPH)
|
| Bottom of the 8th over - 0 runs, 0 hits, 0 errors, 1 left on base; Memphis 10 - Dallas-Fort Worth 5 |
| TOP OF THE 9TH |
|
Memphis Blues batting - Pitching for Dallas-Fort Worth Rangers : RHP Tom McGough
|
|
Batting: RHB Bradley Shames
|
0-0: Ball 1-0: Foul Ball, location: 2F 1-1: Fly out, F8 (Line Drive, 8RM, EV 103.1 MPH)
|
|
Batting: LHB Don Jacoby
|
0-0: Ball 1-0: Foul Ball, location: 2F 1-1: Swinging Strike 1-2: Strikes out swinging
|
|
Batting: RHB William Muth
|
0-0: Ball 1-0: SINGLE (Groundball, 6D, EV 101.3 MPH)
|
|
Pitching: RHP Luis Cardenas
|
|
|
Batting: RHB Mariano Duncan
|
0-0: Called Strike 0-1: Called Strike 0-2: Ball 1-2: Ball 2-2: Strikes out swinging
|
| Top of the 9th over - 0 runs, 1 hit, 0 errors, 1 left on base; Memphis 10 - Dallas-Fort Worth 5 |
| BOTTOM OF THE 9TH |
|
Dallas-Fort Worth Rangers batting - Pitching for Memphis Blues : RHP Anthony Threatt
|
|
Batting: RHB Phil Bradley
|
0-0: Ball 1-0: Ball 2-0: Called Strike 2-1: Ground out 5-3 (Groundball, 56S, EV 80.0 MPH)
|
|
Batting: LHB Stan Levi
|
0-0: Foul Ball, location: 2F 0-1: Ball 1-1: Foul Ball, location: 2F 1-2: Strikes out swinging
|
|
Batting: RHB Dave Aponte
|
0-0: Called Strike 0-1: Foul Ball, location: 2F 0-2: Ball 1-2: Foul Ball, location: 2F 1-2: Strikes out looking
|
| Bottom of the 9th over - 0 runs, 0 hits, 0 errors, 0 left on base; Memphis 10 - Dallas-Fort Worth 5 |
|